Match 37607015
Unlisted

Match 37607015
End
Selects Italian Combined Arms Battlegroup
Selects Bersaglieri Squad
Bersaglieri Squad
Bersaglieri Squad
Construct Light Support Kompanie
Bersaglieri Squad
Fire Support Elements
Selects Bersaglieri Bolster
2.5-tonne Medical Truck
Assault Mechanized Group
Flakvierling Half-track
Selects Breda Model 30 Light Machine Guns
Pak 38 Anti-tank Gun Team
Bersaglieri Squad
Construct Panzerarmee Kommand
le.IG 18 Mechanized Group
Armored Reserves
Panzerpioneer Squad
Panzerpioneer Squad
Selects Semovente da 75/18 Assault Gun
Selects Strafing Run
Selects Artillery Cover
Tiger Heavy Tank
Walking Stuka Rocket Launcher
Emergency Repair Kits
Advanced Field Repairs
Panzer III L Medium Tank
Tiger Heavy Tank
Norbert
Ross
R19
高磊
0
0

Comments sign in to comment!

No comments posted yet!